 Dungeon Crawl Stone Soup version 0.31-a0-455-g1a7b003ef0 (webtiles) character file.

Game seed: 12128215920679397327

369 ytrimaz the Changeling (level 6, -2/46 HPs)
             Began as a Demonspawn Shapeshifter on Aug 4, 2023.
             Slain by a gnoll bouda
             ... wielding a +0 club
              (11 damage)
             ... on level 5 of the Dungeon.
             The game lasted 00:03:47 (3298 turns).

ytrimaz the Changeling (Demonspawn Shapeshifter)    Turns: 3298, Time: 00:03:48

Health: -2/46      AC:  5    Str: 17    XL:     6   Next: 41%
Magic:  15/15      EV: 13    Int:  9    God:
Gold:   308        SH:  0    Dex: 14    Spells: 5/5 levels left

rFire   . .          .
                       - Unarmed
rCold   + . .        (no shield)
rNeg    . . .        a - +1 animal skin
rPois   +            (helmet currently unavailable)
rElec   .            (cloak currently unavailable)
rCorr   .            (gloves currently unavailable)
SInv    +            (boots currently unavailable)
Will    .....        (no amulet)
Stlth   +            m - ring of the Sky {Drain rC+ MP+9 Slay+3 SInv}
HPRegen 0.27/turn    e - ring of poison resistance
MPRegen 0.14/turn

%: no passive effects
@: beast-form, weakened
A: beast (slay +2), antennae 2, slimy green scales 1, ignite blood 1
a: Begin Untransformation


You were on level 5 of the Dungeon.
You were a hulking beast.
You visited 1 branch of the dungeon, and saw 5 of its levels.

You collected 308 gold pieces.


Innate Abilities, Weirdness & Mutations

You are a hulking beast.
Your limbs bulge with bestial killing power. (Slay +2)
You have a pair of antennae on your head.
You are partially covered in slimy green scales. (AC +2)
Your demonic aura sometimes causes spilled blood to erupt in flames.


   Skills:
 + Level 2.6 Fighting
 * Level 3.8 Dodging
 + Level 3.4 Unarmed Combat
 * Level 4.1 Shapeshifting


You had 5 spell levels left.
You didn't know any spells.
Your spell library contained the following spells:

 Spells                   Type           Power      Damage    Failure   Level
 Foxfire                  Conj/Fire      0%         2x1d4     38%         1
 Magic Dart               Conj           0%         1d3       38%         1
 Call Imp                 Summ           0%         N/A       52%         2
 Mephitic Cloud           Conj/Pois/Air  0%         N/A       77%         3

Inventory:

Armour
 a - a +1 animal skin (worn)
Jewellery
 d - a ring of resist corrosion
   (You found it on level 1 of the Dungeon)
 e - a ring of poison resistance (right hand)
   (You found it on level 2 of the Dungeon)
 k - a ring of positive energy
   (You took it off a centaur on level 3 of the Dungeon)
 m - the ring of the Sky (left hand) {Drain rC+ MP+9 Slay+3 SInv}
   (You found it on level 3 of the Dungeon)

   [ring of magical power]

   Slay:      It affects your accuracy & damage with ranged weapons and melee
   (+3).
   rC:        It protects you from cold.
   MP:        It affects your magic capacity (+9).
   SInv:      It lets you see invisible.
   Drain:     It drains your maximum health when unequipped.
Talismans
 c - a beast talisman (active)
Scrolls
 g - a scroll of fog
Potions
 b - a potion of lignification
 f - 2 potions of brilliance
 h - a potion of curing
 i - a potion of mutation {unknown}
 l - a potion of might {unknown}
 o - 2 potions of magic {unknown}

Dungeon Overview and Level Annotations

Branches:
Dungeon (5/15) Zot: 26716
 Temple: D:4-7

Altars:
Nemelex Xobeh

Shops:
D:3

[ ..... ....
<... . .....
.... .. .....
..# .# ......
..##.###.
...... #.......
......##)#..#
.......)h...#
.......g#...#
.......<#....#
.!...........#
.......#.......
.......
#.......
....... .......
....... #.....#
....... .....


You could see a gnoll bouda.


Message History

😕 HP[-2]
You take 2 damage, and now have 44/46 hp.
The gnoll hits you with a +0 spear.
Things that are here:
a +0 spear; a gnoll corpse; 😕 HP[-5]
You take 5 damage, and now have 39/46 hp.
You punch the gnoll!
Your attacks no longer feel as feeble.
The gnoll completely misses you.
The gnoll hits you with a +0 club. 😕 HP[-2]
You take 2 damage, and now have 37/46 hp.
You completely miss the gnoll.
The gnoll closely misses you. x2 😕 HP[+1]
You hit the gnoll. You barely miss the gnoll.
The gnoll hits you with a +0 spear.
The gnoll bouda barks out a call to the hunt!
The gnolls pick up the pace!
The gnoll barely misses you.
Unknown command. 😕 HP[-1]
You take 1 damage, and now have 37/46 hp.
You punch the gnoll!
The gnoll is engulfed in blazing flames.
You kill the gnoll!
The gnoll bouda closely misses you.
The gnoll hits you with a +0 spear. 😮 HP[-3]
You take 3 damage, and now have 34/46 hp.
You are too injured to fight recklessly!
Found a stone staircase leading up.
The gnoll bouda hits you but does no damage.
The gnoll hits you but does no damage.
You see here a +0 club. 😕 HP[+1]
You closely miss the gnoll.
The gnoll bouda hits you with a +0 club.
The gnoll hits you with a +0 spear. 😮 HP[-7]
You take 7 damage, and now have 28/46 hp.
Unknown command.
You are too injured to fight recklessly!
You hit the gnoll.
You kill the gnoll!
The gnoll bouda closely misses you.
You are too injured to fight recklessly!
You hit the gnoll bouda.
The gnoll bouda gazes fiercely through you!
You feel your attacks grow feeble. The gnoll bouda closely misses you.
You hit the gnoll bouda but do no damage.
The gnoll bouda hits you with a +0 club.
* * * LOW HITPOINT WARNING * * *
😨 HP[-5]
You take 5 damage, and now have 23/46 hp.
You hit the gnoll bouda. The gnoll bouda closely misses you.
You closely miss the gnoll bouda.
The gnoll bouda gazes fiercely through you!
You feel as though you will be weak longer.
The gnoll bouda barely misses you.
Unknown command.
You hit the gnoll bouda. The gnoll bouda misses you. 😮 HP[+1]
You hit the gnoll bouda. The gnoll bouda misses you.
You hit the gnoll bouda. The gnoll bouda barely misses you.
Unknown command.
You completely miss the gnoll bouda.
The gnoll bouda hits you with a +0 club.
* * * LOW HITPOINT WARNING * * *
😨 HP[-4]
You take 4 damage, and now have 20/46 hp.
You hit the gnoll bouda. Your punch misses the gnoll bouda.
The gnoll bouda hits you with a +0 club.
* * * LOW HITPOINT WARNING * * *
😨 HP[-1]
You take 1 damage, and now have 19/46 hp.
You closely miss the gnoll bouda.
The gnoll bouda hits you with a +0 club!
* * * LOW HITPOINT WARNING * * *
😱 HP[-8]
You take 8 damage, and now have 11/46 hp.
Unknown command.
You hit the gnoll bouda but do no damage.
The gnoll bouda prays to its god.
The gnoll bouda is healed somewhat.
You hit the gnoll bouda but do no damage.
The gnoll bouda hits you with a +0 club.
* * * LOW HITPOINT WARNING * * *
😱 HP[-3]
You take 3 damage, and now have 8/46 hp.
You hit the gnoll bouda. 😱 HP[+1] Unknown command.
You hit the gnoll bouda.
The gnoll bouda mumbles some strange prayers to its god.
The gnoll bouda is healed somewhat.
You closely miss the gnoll bouda.
Your attacks no longer feel as feeble.
The gnoll bouda gazes fiercely through you!
You feel your attacks grow feeble.
The gnoll bouda hits you with a +0 club!
You die...

Skill      XL: |  1  2  3  4  5 |
---------------+----------------+-----
Dodging        | 2 3 |  3.8
Shapeshifting  | 3 4 |  4.1
Unarmed Combat | 3 |  3.4
Fighting       | 2 |  2.6

Action                     |  1- 3 |  4- 6 || total
---------------------------+-------+-------++-------
  Melee: Unarmed           |   107 |   136 ||   243
         Punch             |     4 |     2 ||     6
    Use: Scroll            |       |     8 ||     8
   Stab: Sleeping          |     1 |       ||     1
 Armour: Animal skin       |    24 |    27 ||    51
  Dodge: Dodged            |    64 |   100 ||   164

Levels and vault maps discovered:
D:1:      amcnicky_arrival_double_pillar, layout_basic, minmay_misc_feat_doors
D:2:      layout_rooms, minmay_pentomino_r2, uniq_jessica
D:3:      kennysheep_six_static_rooms, layout_rooms,
          nemelex_diamond_rough_becter, shapermc_ecumenical_altar_rom_forum,
          serial_shops, shop
D:4:      layout_cave_pools, kennysheep_nondescript
D:5:      layout_cave_pools, gammafunk_temple_overflow_claw,
          nicolae_wu_jian_immortal_techniques, serial_shops, shop,
          hangedman_feature_mirror

Notes
Turn   | Place    | Note
-------+----------+-------------------------------------------
     0 | D:1      | ytrimaz the Demonspawn Shapeshifter began the quest for the
                  | Orb.
     0 | D:1      | Reached XP level 1. HP: 15/15 MP: 1/1
     0 | D:1      | magus.rc [v1.9.6]
    65 | D:1      | You fall into a shaft and drop 1 floor!
   245 | D:1      | Reached skill level 2 in Dodging
   275 | D:1      | Reached skill level 3 in Shapeshifting
   383 | D:1      | Gained mutation: You are partially covered in slimy green
                  | scales. (AC +2) [demonic ancestry]
   383 | D:1      | Reached XP level 2. HP: 21/21 MP: 2/2
  1179 | D:2      | Noticed Jessica
  1185 | D:2      | Gained mutation: You have a pair of small antennae on your
                  | head. [demonic ancestry]
  1185 | D:2      | Reached XP level 3. HP: 25/26 MP: 3/3
  1187 | D:2      | Killed Jessica
  1227 | D:2      | You pick up a book of Minor Magic and begin reading...
  1227 | D:2      | You add the spells Magic Dart, Call Imp and Mephitic Cloud
                  | to your library.
  1400 | D:2      | Gained mutation: Your demonic aura sometimes causes spilled
                  | blood to erupt in flames. [demonic ancestry]
  1400 | D:2      | Reached XP level 4. HP: 27/32 MP: 4/4
  1785 | D:3      | Noticed a centaur
  1874 | D:3      | Found a faded altar of an unknown god.
  1887 | D:3      | Got Plato's Catalogue of Anthracomancy
  1898 | D:3      | Reached skill level 3 in Unarmed Combat
  1959 | D:3      | Killed a centaur
  1960 | D:3      | Reached skill level 2 in Fighting
  1960 | D:3      | Reached skill level 3 in Dodging
  1960 | D:3      | Reached XP level 5. HP: 31/38 MP: 5/5
  1961 | D:3      | Found a sparkling altar of Nemelex Xobeh.
  2140 | D:3      | Found Gaobecw's Armour Shoppe.
  2179 | D:3      | Identified the ring of the Sky {Drain rC+ MP+9 Slay+3 SInv}
  2921 | D:4      | Reached skill level 4 in Shapeshifting
  2921 | D:4      | Gained mutation: You have a pair of antennae on your head.
                  | [demonic ancestry]
  2921 | D:4      | Reached XP level 6. HP: 25/46 MP: 6/6
  3270 | D:5      | Entered Level 5 of the Dungeon
  3293 | D:5      | HP: 11/46 [gnoll bouda/+0 club (9)]
  3298 | D:5      | Slain by a gnoll bouda

Vanquished Creatures
  A centaur (D:3)
  A scorpion (D:4)
  An iguana (D:4)
  A sleepcap (D:4)
  Jessica (D:2)
  3 gnolls (D:5)
  4 adders
  An ufetubus (D:4)
  4 worms
  2 dart slugs (D:1)
  4 orcs (D:3)
  3 bats
  4 endoplasms
  4 giant cockroaches
  8 hobgoblins
  7 kobolds
  5 quokkas
  8 ball pythons
  3 frilled lizards
  7 goblins
  4 rats
76 creatures vanquished.

Table legend:
 A = Non-vault XP
 B = Vault XP
 C = Vault XP percentage of total XP
 D = Non-vault monster count
 E = Vault monster count
 F = Vault count percentage of total count
                 A         B        C        D         E       F
            +---------+---------+-------+---------+---------+-------
      Total |     478 |      50 |   9.5 |      67 |       9 |  11.8
            +---------+---------+-------+---------+---------+-------
        D:1 |      27 |       0 |   0.0 |      14 |       0 |   0.0
        D:2 |      53 |      39 |  42.4 |      21 |       3 |  12.5
        D:3 |     169 |      11 |   6.1 |      15 |       6 |  28.6
        D:4 |     187 |       0 |   0.0 |      14 |       0 |   0.0
        D:5 |      42 |       0 |   0.0 |       3 |       0 |   0.0
            +---------+---------+-------+---------+---------+-------

Skill      XL: |  1  2  3  4  5 |
---------------+----------------+-----
Dodging        | 2 3 |  3.8
Shapeshifting  | 3 4 |  4.1
Unarmed Combat | 3 |  3.4
Fighting       | 2 |  2.6

Action                     |  1- 3 |  4- 6 || total
---------------------------+-------+-------++-------
  Melee: Unarmed           |   107 |   136 ||   243
         Punch             |     4 |     2 ||     6
    Use: Scroll            |       |     8 ||     8
   Stab: Sleeping          |     1 |       ||     1
 Armour: Animal skin       |    24 |    27 ||    51
  Dodge: Dodged            |    64 |   100 ||   164

Illustrated notes

Table legend:
 A = Kills in this place as a percentage of kills in the entire game.
 B = Kills by you in this place as a percentage of kills by you in the entire game.
 C = Kills by friends in this place as a percentage of kills by friends in the entire game.
 D = Other kills in this place as a percentage of other kills in the entire game.
 E = Experience gained in this place as a percentage of experience gained in the entire game.
 F = Experience gained in this place divided by the number of levels of this place that you have seen.
                   A       B       C       D       E      F
               +-------+-------+-------+-------+-------+----------------------
         Total | 100.0 | 100.0 |   N/A |   N/A | 100.0 | 105.6
       Dungeon | 100.0 | 100.0 |   N/A |   N/A | 100.0 | 105.6
               +-------+-------+-------+-------+-------+----------------------

Table legend: (Time is in decaauts)
 A = Elapsed time spent in this place.
 B = Non-inter-level travel time spent in this place.
 C = Inter-level travel time spent in this place.
 D = Time resting spent in this place.
 E = Time spent auto-exploring this place.
 F = Levels seen in this place.
 G = Mean time per level.
                   A        B        C        D        E       F      G
               +--------+--------+--------+--------+--------+-----+--------+
         Total |   3282 |   3182 |    100 |     46 |   2576 |   5 |  656.4 |
       Dungeon |   3282 |   3182 |    100 |     46 |   2576 |   5 |  656.4 |
               +--------+--------+--------+--------+--------+-----+--------+

Top non-repeatable levels by time:
     D:1: 1065 daAuts
     D:2: 754 daAuts
     D:3: 735 daAuts
     D:4: 700 daAuts
     D:5: 26 daAuts
